 Dungeon Crawl Stone Soup version 0.29.1-1-gd02db6906a (webtiles) character file.

Game seed: 15749662855107290126

266 Ashen the Chiller (level 6, 41/41 HPs)
             Began as a Demonspawn Ice Elementalist on Sept 27, 2022.
             Got out of the dungeon alive.
             The game lasted 00:05:54 (3657 turns).

Ashen the Chiller (Demonspawn Ice Elementalist)     Turns: 3657, Time: 00:05:55

Health: 41/41      AC:  3    Str:  8    XL:     6   Next: 0%
Magic:  10/11      EV: 13    Int: 19    God:
Gold:   95         SH:  4    Dex: 13    Spells: 4/11 levels left

rFire   . . .      SeeInvis .   c - +0 dagger
rCold   . . .      Faith    .   (no shield)
rNeg    . . .      Spirit   .   a - +0 robe
rPois   .          Reflect  .   (no helmet)
rElec   .          Harm     .   (no cloak)
rCorr   .          Rampage  .   (no gloves)
Will    .....                   p - +0 pair of boots
Stlth   ++........              l - amulet of regeneration
HPRegen 0.93/turn               d - ring of flight
MPRegen 0.12/turn               (no ring)

@: flying
A: hooves 1, demonic guardian 1, condensation shield
a: no special abilities


You escaped.
You visited 1 branch of the dungeon, and saw 4 of its levels.

You collected 95 gold pieces.

Inventory:

Hand Weapons
 c - a +0 dagger (weapon)
Missiles
 w - 15 poisoned darts (quivered)
Armour
 a - a +0 robe (worn)
 p - a +0 pair of boots (worn)
Jewellery
 d - a ring of flight (left hand)
 l - an amulet of regeneration (around neck)
 n - an amulet of guardian spirit
Wands
 u - a wand of polymorph (14)
Scrolls
 e - 2 scrolls of teleportation {unknown}
 f - 5 scrolls of identify {unknown}
 h - 3 scrolls of fear {unknown}
 j - a scroll of noise {unknown}
 o - a scroll of enchant armour {unknown}
 r - a scroll of blinking {unknown}
 y - 3 scrolls of butterflies {unknown}
Potions
 b - a potion of magic
 g - a potion of mutation {unknown}
 i - a potion of resistance {unknown}
 k - a potion of attraction {unknown}
 m - a potion of berserk rage {unknown}
 q - a potion of ambrosia {unknown}
 s - a potion of flight {unknown}
 t - a potion of lignification {unknown}
 v - a potion of heal wounds {unknown}
 x - a potion of curing {unknown}


   Skills:
 + Level 3.1 Dodging
 + Level 3.4 Stealth
 + Level 3.3 Spellcasting
 + Level 4.5 Ice Magic


You had 4 spell levels left.
You knew the following spells:

 Your Spells              Type           Power      Damage    Failure   Level
a - Freeze                Ice            80%        1d9       2%          1
b - Frozen Ramparts       Ice            40%        1d7       7%          3
c - Ozocubu's Armour      Ice            20%        N/A       7%          3

Your spell library contained the following spells:

 Spells                   Type           Power      Damage    Failure   Level
 Sublimation of Blood     Necr           3%         N/A       22%         2
 Wereblood                Tmut           3%         N/A       22%         2
 Tukima's Dance           Hex            3%         N/A       41%         3
 Hailstorm                Conj/Ice       11%        3d5       50%         4
 Passage of Golubria      Tloc           3%         N/A       82%         4
 Yara's Violent Unravell  Hex/Tmut       1%         3d3       99%         5
 Summon Hydra             Summ           1%         N/A       100%        7


Dungeon Overview and Level Annotations

Branches:
Dungeon (4/15)
 Temple: D:4-7

Altars:
Okawaru


Innate Abilities, Weirdness & Mutations

You have large cloven feet.
A weak demonic guardian rushes to your aid.
A meltable shield of frost defends you. (SH +4)


Message History

Aim: an orc, wielding a +0 mace (heavily wounded)
You freeze the orc.
You kill the orc!
An orc comes into view. It is wielding a +0 hand axe.
You see here a +0 mace.
An orc is nearby!
The orc closely misses you.
You hit the orc.
The orc is heavily wounded.
The orc hits you with a +0 hand axe!
You closely miss the orc.
The orc is heavily wounded.
You block the orc's attack.
Casting: Freeze (safe; 2% risk of failure)
Confirm with . or Enter, or press ? or * to list all spells.
Aiming: Freeze (safe; 2% risk of failure)
Press: ? - help, Shift-Dir - straight line, f - orc
Aim: an orc, wielding a +0 hand axe (heavily wounded)
You freeze the orc!
You kill the orc!
You have reached level 6!
Your demonic ancestry asserts itself...
You feel the presence of a demonic guardian.
(D) Dungeon
Where to? (Enter - D:3 @ (x,y), ? - help)
What level of the Dungeon? (default 1, ? - help)
There is a stone staircase leading up here.
You fly upwards.
There is a stone staircase leading down here.
HP restored.
There is a stone staircase leading up here.
You fly upwards.
There is a stone staircase leading down here.
There is a stone staircase leading up here.
You fly upwards.
There is a stone staircase leading down here.
You see here a +0 ring mail.
There is a staircase leading out of the dungeon here.
Are you sure you want to leave the Dungeon?
This will make you lose the game!
You have escaped!

#.#....#.##.#####.##.##.......#
##.#....#.##.........[...#######
##..'....'.########.##.##.#
#...#....#.# #.##.##.#
#.#.#....#.# #########.##.#
..#+##..######.......#.##.#
#............##≈≈≈#'...##.#
#.....#).....#....§#......#
#.....#......§..@..§...####
....###......≈..⌠..§...##.# #####
#......#.....#...##.#
####≈≈≈###≈≈≈###.....#
#.#.....#......#..##.#
#.≈..⌠..≈..[...#..########## #
#.≈..(..≈......#...........#
######.#.....#......#.########.##
##.....+#≈≈≈##............# #.#


There were no monsters in sight!

Vanquished Creatures
  A black bear (D:3)
  Natasha (thrice) (D:2)
  4 adders
  A dart slug (D:2)
  4 orcs
  4 endoplasms
  2 giant cockroaches
  6 goblins
  3 hobgoblins (D:2)
  8 jackals
  A quokka (D:2)
  4 ball pythons
  8 bats
  2 frilled lizards
  7 kobolds
  3 rats (D:3)
61 creatures vanquished.

Notes
Turn   | Place    | Note
-------+----------+-------------------------------------------
     0 | D:1      | Ashen the Demonspawn Ice Elementalist began the quest for
                  | the Orb.
     0 | D:1      | Reached XP level 1. HP: 13/13 MP: 3/3
   272 | D:1      | Gained mutation: A meltable shield of frost defends you.
                  | (SH +4) [demonic ancestry]
   272 | D:1      | Reached XP level 2. HP: 19/19 MP: 5/5
   788 | D:1      | Found a faded altar of an unknown god.
  1239 | D:2      | Reached XP level 3. HP: 17/24 MP: 3/6
  1450 | D:2      | Reached skill level 4 in Ice Magic
  1757 | D:2      | Gained mutation: You have large cloven feet. [demonic
                  | ancestry]
  1757 | D:2      | Reached XP level 4. HP: 30/30 MP: 7/7
  1821 | D:2      | Noticed Natasha
  1829 | D:2      | Killed Natasha
  1921 | D:2      | Learned a level 3 spell: Frozen Ramparts
  1925 | D:2      | Learned a level 3 spell: Ozocubu's Armour
  2002 | D:2      | Noticed Natasha
  2009 | D:2      | Killed Natasha
  2467 | D:2      | Noticed Natasha
  2544 | D:2      | Killed Natasha
  2545 | D:2      | Reached XP level 5. HP: 30/35 MP: 4/9
  2822 | D:3      | Found an iron altar of Okawaru.
  3328 | D:3      | Noticed a black bear
  3336 | D:3      | Killed a black bear
  3587 | D:4      | Gained mutation: A weak demonic guardian rushes to your
                  | aid. [demonic ancestry]
  3587 | D:4      | Reached XP level 6. HP: 27/41 MP: 1/11
  3657 | D:$      | Got out of the dungeon alive.

Illustrated notes

Levels and vault maps discovered:
D:1:      dpeg_arrival_rooms_with_view, layout_basic,
          hellmonk_ecumenical_altar_leap_of_faith, minivault_27,
          minmay_stone_trees_small, nicolae_figureground_pulse
D:2:      layout_basic, uniq_natasha
D:3:      layout_basic, okawaru_trees_2
D:4:      layout_rooms, kennysheep_small_circle

Skill      XL: |  1  2  3  4  5 |
---------------+----------------+-----
Stealth        | 2 3 |  3.4
Dodging        | 2 3 |  3.1
Ice Magic      | 4 |  4.5
Spellcasting   | 3 |  3.3

Action                   |  1- 3 |  4- 6 || total
-------------------------+-------+-------++-------
Melee: Dagger            |    39 |    40 ||    79
       Unarmed           |     1 |     3 ||     4
       Punch             |     1 |     2 ||     3
 Cast: Freeze            |    45 |    37 ||    82
       Ozocubu's Armour  |       |     1 ||     1
       Frozen Ramparts   |       |     1 ||     1
 Stab: Sleeping          |     3 |     1 ||     4
Armor: Robe              |     7 |    20 ||    27
Dodge: Dodged            |    49 |    37 ||    86
Block: Other             |    17 |    15 ||    32
